2073 views
Uploaded 2024-05-20 00:10:14
Game version 1.36 (6115)
7:04 long 1on3 private game on (4)ColdHeart
Saved by Alex11Chr
2073 views
Uploaded 2024-05-20 00:10:14
Game version 1.36 (6115)
7:04 long 1on3 private game on (4)ColdHeart

52 units @ 6.2k
/ 0.1k
43 buildings @ 3.4k
/ 1k

| Scroll of Regeneration | 1 | 100 |
| Lesser Clarity Potion | 1 | 70 |
| total: | 2 | 170g |
| Peasant | 10 | 750 | / | 0 |
| Footman | 9 | 1215 | / | 0 |
| total: | 19 | 1965g | / | 0w |
| Scout Tower | 9 | 270 | / | 180 |
| Arcane Tower | 1 | 70 | / | 50 |
| Guard Tower | 4 | 280 | / | 200 |
| Altar of Kings | 1 | 180 | / | 50 |
| Farm | 4 | 320 | / | 80 |
| Barracks | 1 | 160 | / | 60 |
| Arcane Vault | 1 | 130 | / | 30 |
| Lumber Mill | 1 | 120 | / | 0 |
| total: | 17 | 1180g | / | 400w |
| 0:05 | Peasant |
| 0:05 | Peasant |
| 0:07 | Altar of Kings |
| 0:13 | Peasant |
| 0:29 | Farm |
| 0:41 | Peasant |
| 1:05 | Barracks |
| 1:23 | Arcane Vault |
| 1:33 | Peasant |
| 1:33 | Peasant |
| 1:33 | Peasant |
| 1:43 | Peasant |
| 1:43 | Peasant |
| 2:00 | Footman |
| 2:08 | Farm |
| 2:12 | Farm |
| 2:35 | Summon Water Elemental |
| 2:55 | Scout Tower |
| 3:03 | Footman |
| 3:04 | Farm |
| 3:10 | Scroll of Regeneration |
| 3:21 | Footman |
| 3:28 | Arcane Tower |
| 3:38 | Footman |
| 3:44 | Footman |
| 3:50 | Scout Tower |
| 3:52 | Scout Tower |
| 3:54 | Scout Tower |
| 3:59 | Peasant |
| 4:03 | Lumber Mill |
| 4:15 | Footman |
| 4:29 | Scout Tower |
| 4:32 | Scout Tower |
| 4:36 | Scout Tower |
| 4:43 | Brilliance Aura |
| 5:02 | Scout Tower |
| 5:06 | Guard Tower |
| 5:18 | Guard Tower |
| 5:27 | Scout Tower |
| 5:38 | Guard Tower |
| 5:45 | Footman |
| 5:53 | Lesser Clarity Potion |
| 6:02 | Guard Tower |
| 6:38 | Footman |
| 6:38 | Footman |
| Select | 117 |
| Right click | 112 |
| Build/train/purchase | 37 |
| Select group | 27 |
| Misc. action | 22 |
| Assign group | 13 |
| Minimap ping | 4 |
| Remove unit | 2 |
| Item give/drop | 1 |

| Peasant | 5 | 375 | / | 0 |
| Footman | 8 | 1080 | / | 0 |
| Rifleman | 5 | 1025 | / | 150 |
| total: | 18 | 2480g | / | 150w |
| Scout Tower | 3 | 90 | / | 60 |
| Altar of Kings | 1 | 180 | / | 50 |
| Farm | 5 | 400 | / | 100 |
| Barracks | 1 | 160 | / | 60 |
| Blacksmith | 1 | 140 | / | 60 |
| Lumber Mill | 2 | 240 | / | 0 |
| total: | 13 | 1210g | / | 330w |
| 0:14 | Altar of Kings |
| 0:20 | Farm |
| 0:25 | Peasant |
| 0:25 | Peasant |
| 0:26 | Peasant |
| 1:16 | Barracks |
| 1:32 | Farm |
| 1:33 | Peasant |
| 1:35 | Peasant |
| 1:54 | Holy Light |
| 2:07 | Blacksmith |
| 2:18 | Footman |
| 2:19 | Footman |
| 2:25 | Footman |
| 2:41 | Footman |
| 2:57 | Farm |
| 3:00 | Scout Tower |
| 3:18 | Footman |
| 3:39 | Rifleman |
| 4:08 | Farm |
| 4:13 | Scout Tower |
| 4:16 | Farm |
| 4:56 | Devotion Aura |
| 4:59 | Rifleman |
| 4:59 | Footman |
| 5:00 | Rifleman |
| 5:00 | Footman |
| 5:14 | Rifleman |
| 5:40 | Scout Tower |
| 5:50 | Iron Forged Swords |
| 6:09 | Footman |
| 6:24 | Lumber Mill |
| 6:33 | Lumber Mill |
| 6:36 | Rifleman |
| Right click | 746 |
| Select | 60 |
| Select group | 49 |
| Assign group | 31 |
| Build/train/purchase | 22 |

| Peasant | 4 | 300 | / | 0 |
| Footman | 11 | 1485 | / | 0 |
| total: | 15 | 1785g | / | 0w |
| Scout Tower | 6 | 180 | / | 120 |
| Arcane Tower | 1 | 70 | / | 50 |
| Guard Tower | 1 | 70 | / | 50 |
| Altar of Kings | 1 | 180 | / | 50 |
| Farm | 4 | 320 | / | 80 |
| Barracks | 1 | 160 | / | 60 |
| Lumber Mill | 1 | 120 | / | 0 |
| total: | 13 | 960g | / | 310w |
| 0:03 | Peasant |
| 0:04 | Peasant |
| 0:35 | Altar of Kings |
| 0:41 | Farm |
| 0:42 | Farm |
| 1:19 | Barracks |
| 2:16 | Peasant |
| 2:17 | Peasant |
| 2:22 | Footman |
| 2:22 | Footman |
| 2:44 | Summon Water Elemental |
| 3:04 | Scout Tower |
| 3:08 | Scout Tower |
| 3:19 | Scout Tower |
| 3:55 | Arcane Tower |
| 4:00 | Footman |
| 4:00 | Footman |
| 4:00 | Footman |
| 4:05 | Farm |
| 4:09 | Scout Tower |
| 4:29 | Farm |
| 4:34 | Lumber Mill |
| 4:48 | Scout Tower |
| 5:00 | Brilliance Aura |
| 5:06 | Footman |
| 5:06 | Footman |
| 5:06 | Footman |
| 5:06 | Footman |
| 5:40 | Scout Tower |
| 5:44 | Footman |
| 5:44 | Footman |
| 6:00 | Improved Lumber Harvesting |
| 6:14 | Guard Tower |
| Right click | 78 |
| Select | 77 |
| Build/train/purchase | 31 |
| Select group | 4 |
| Esc | 2 |
| Assign group | 1 |
| Minimap ping | 1 |